 Dungeon Crawl Stone Soup version 0.27.1-1-g398f81649c (webtiles) character file.

Game seed: 15966480024764719218

10920 Gwenloh the Severer (level 11, -3/95 HPs)
             Began as a Minotaur Fighter on Sept 7, 2021.
             Was a Follower of Uskayaw.
             Slain by an eight-headed hydra (5 damage)
             ... on level 2 of the Lair of Beasts.
             The game lasted 00:40:11 (10449 turns).

Gwenloh the Severer (Minotaur Fighter)             Turns: 10449, Time: 00:40:13

Health: -3/95      AC: 14    Str: 20    XL:     11   Next: 42%
Magic:  9/12       EV:  8    Int:  5    God:    Uskayaw [*.....]
Gold:   348        SH: 11    Dex: 14    Spells: 10/10 levels left

rFire    . . .     SeeInvis +   n - +0 flail
rCold    + . .     Faith    .   c - +0 kite shield
rNeg     . . .     Spirit   .   J - +3 scale mail {rC+}
rPois    .         Reflect  .   r - +1 hat
rElec    .         Harm     .   (no cloak)
rCorr    .         Rampage  .   s - +1 pair of gloves
Will     .....                  (no boots)
Stlth    ..........             v - amulet of regeneration
HPRegen  1.25/turn              u - ring of see invisible
MPRegen  0.13/turn              (no ring)

@: no status effects
A: horns 2, retaliatory headbutt
a: Renounce Religion, Stomp


You were on level 2 of the Lair of Beasts.
You worshipped Uskayaw.
Uskayaw was noncommittal.
You visited 2 branches of the dungeon, and saw 13 of its levels.

You collected 1066 gold pieces.
You spent 718 gold pieces at shops.

Inventory:

Hand Weapons
 a - a +4 war axe
 b - a +0 hunting sling
 n - a +0 flail (weapon)
 x - a +0 hand crossbow
 C - a +1 vorpal arbalest
 H - a +0 trident
Missiles
 g - 358 stones
 h - 42 sling bullets
 i - 69 poisoned darts (quivered)
 j - 4 throwing nets
 m - 12 boomerangs
 q - 60 bolts
Armour
 c - a +0 kite shield (worn)
 r - a +1 hat (worn)
 s - a +1 pair of gloves (worn)
 J - a +3 scale mail of cold resistance (worn)
Jewellery
 u - a ring of see invisible (left hand)
 v - an amulet of regeneration (around neck)
 w - an amulet of guardian spirit
Wands
 A - a wand of paralysis (17)
 K - a wand of polymorph (8)
 M - a wand of digging (6)
Scrolls
 d - a scroll of blinking
 e - a scroll of fear
 o - 6 scrolls of enchant weapon
 t - a scroll of magic mapping
 y - 6 scrolls of teleportation
 B - 2 scrolls of amnesia
 F - a scroll of immolation {unknown}
 G - a scroll of vulnerability {unknown}
 I - 3 scrolls of identify
Potions
 k - 3 potions of magic
 l - 6 potions of curing
 p - a potion of flight
 z - 3 potions of brilliance
 D - 2 potions of degeneration {unknown}
 E - a potion of lignification {unknown}
 L - a potion of mutation {unknown}


   Skills:
 + Level 8.4 Fighting
 - Level 16.0 Axes
 + Level 8.1 Armour
 + Level 8.5 Shields
 + Level 3.5 Invocations


You had 10 spell levels left.
You didn't know any spells.
Your spell library contained the following spells:

 Spells                   Type           Power      Damage    Failure   Level
 Animate Skeleton         Necr           0%         N/A       97%         1
 Apportation              Tloc           0%         N/A       97%         1
 Corona                   Hex            0%         N/A       97%         1
 Magic Dart               Conj           0%         1d3       97%         1
 Summon Small Mammal      Summ           0%         N/A       97%         1
 Searing Ray              Conj           0%         3d3       99%         2
 Slow                     Hex            0%         N/A       99%         2
 Call Canine Familiar     Summ           0%         N/A       100%        3
 Confusing Touch          Hex            0%         N/A       100%        3
 Ozocubu's Armour         Ice            0%         N/A       100%        3
 Summon Guardian Golem    Hex/Summ       0%         N/A       100%        3
 Cause Fear               Hex            0%         N/A       100%        4
 Fulminant Prism          Conj/Hex       0%         3d6       100%        4
 Iskenderun's Mystic Bla  Conj/Tloc      0%         2d3       100%        4
 Olgreb's Toxic Radiance  Pois           0%         N/A       100%        4
 Lee's Rapid Deconstruct  Erth           0%         3d5*      100%        5
 Metabolic Englaciation   Hex/Ice        0%         N/A       100%        5
 Yara's Violent Unravell  Hex/Tmut       0%         3d3       100%        5
 Simulacrum               Ice/Necr       0%         N/A       100%        6
 Ozocubu's Refrigeration  Ice            0%         4d5       100%        7
 Ignition                 Fire           0%         3d3       100%        8


Dungeon Overview and Level Annotations

Branches:
Dungeon (11/15)            Temple (0/1) D:5            Lair (2/6) D:8
  Swamp: Lair:2-4    Shoals: Lair:2-4     Snake: Lair:2-4    Spider: Lair:2-4
    Orc: D:9-12

Altars:
Ashenzari
Cheibriados
Gozag
Kikubaaqudgha
Makhleb
Ru
Trog
Uskayaw
Vehumet
Wu Jian
Xom
Yredelemnul

Shops:
D:5 ??![   D:6 :   D:8 !

Annotations:
D:5 3 runed translucent doors, MajorAdolf's ghost, novice NaWn


Innate Abilities, Weirdness & Mutations

You have a pair of horns on your head.
You reflexively headbutt those who attack you in melee.


Message History

You can no longer stomp with the beat.
You block the eight-headed hydra's attack.
The eight-headed hydra bites you! The eight-headed hydra bites you.
The eight-headed hydra bites you but does no damage.
The eight-headed hydra bites you!
You block the eight-headed hydra's attack. x2
The eight-headed hydra bites you.
You can now stomp with the beat.
You hit the eight-headed hydra.
The eight-headed hydra is moderately wounded.
The eight-headed hydra bites you but does no damage.
You block the eight-headed hydra's attack.
The eight-headed hydra bites you but does no damage.
The eight-headed hydra barely misses you.
The eight-headed hydra bites you. x2
You block the eight-headed hydra's attack.
The eight-headed hydra bites you.
* * * LOW HITPOINT WARNING * * *
You feel much better. The eight-headed hydra bites you.
The eight-headed hydra bites you! The eight-headed hydra bites you.
You block the eight-headed hydra's attack.
The eight-headed hydra bites you but does no damage.
The eight-headed hydra bites you.
* * * LOW HITPOINT WARNING * * *
The eight-headed hydra barely misses you.
The eight-headed hydra bites you!
* * * LOW HITPOINT WARNING * * *
You hit the eight-headed hydra.
The eight-headed hydra is moderately wounded.
The eight-headed hydra bites you but does no damage.
You block the eight-headed hydra's attack.
The eight-headed hydra bites you.
* * * LOW HITPOINT WARNING * * *
The eight-headed hydra bites you.
* * * LOW HITPOINT WARNING * * *
The eight-headed hydra bites you but does no damage.
The eight-headed hydra bites you!
* * * LOW HITPOINT WARNING * * *
The eight-headed hydra bites you.
You die...

#### ##P.## # #....## .#
########.....##.##...
.#............@D...... ##
.PP..........P........
###.#
.P...........#...#....
.....
P..........P..........
.....
................##....
..#.# ...............##
.... .. #
................##...# .
#
....................####
##
...................##PP##
#.


You could see an eight-headed hydra.

Vanquished Creatures
  Harold (D:10)
  2 hydras
  A two-headed ogre (D:9)
  A black mamba (Lair:2)
  An elephant (Lair:2)
  2 komodo dragons (Lair:1)
  A wind drake (shapeshifter) (D:11)
  Prince Ribbit (D:6)
  A hornet (D:8)
  4 wyverns
  9 yaks (Lair:1)
  A wraith (D:10)
  A basilisk (Lair:2)
  Menkaure (D:4)
  A water moccasin (D:7)
  4 orc warriors
  3 black bears
  6 necrophages
  3 ogres
  3 centaurs
  A phantom (D:3)
  A kobold brigand (D:6)
  9 bullfrogs
  2 scorpions
  A wyvern skeleton (D:7)
  4 wights
  3 howler monkeys
  3 bullfrog zombies
  4 jellies
  2 centaur zombies
  6 orc priests
  3 bullfrog skeletons
  5 hounds
  A human zombie (D:4)
  A centaur skeleton (D:6)
  Ijyb (D:5)
  2 iguanas
  Natasha (twice) (D:3)
  A scorpion zombie (D:4)
  5 orc wizards
  A killer bee zombie (D:6)
  A hound zombie (D:4)
  2 hound skeletons (D:4)
  3 mummies (D:4)
  A howler monkey zombie (D:7)
  A gnoll (D:4)
  10 adders
  A white imp (D:8)
  An adder zombie (D:4)
  3 worms
  4 dart slugs
  32 orcs
  6 ball pythons
  5 endoplasms
  4 giant cockroaches
  12 goblins
  9 hobgoblins
  12 jackals
  17 kobolds
  2 quokkas
  2 bats (D:1)
  2 frilled lizards
  A jackal zombie (D:4)
  A quokka skeleton (D:4)
  4 rats
241 creatures vanquished.

Vanquished Creatures (others)
  A fungus (Lair:2)
  2 plants (Lair:2)
3 creatures vanquished.

Grand Total: 244 creatures vanquished

Notes
Turn   | Place    | Note
-------+----------+-------------------------------------------
     0 | D:1      | Gwenloh the Minotaur Fighter began the quest for the Orb.
     0 | D:1      | Reached XP level 1. HP: 19/19 MP: 0/0
   214 | D:1      | Found a faded altar of an unknown god.
   248 | D:1      | Reached XP level 2. HP: 27/27 MP: 1/1
   349 | D:1      | Reached skill level 3 in Axes
   826 | D:2      | Reached XP level 3. HP: 33/33 MP: 2/2
  1075 | D:2      | Reached XP level 4. HP: 25/40 MP: 3/3
  1660 | D:2      | Reached skill level 4 in Axes
  1967 | D:3      | Noticed a phantom
  1978 | D:3      | Killed a phantom
  1979 | D:3      | Reached XP level 5. HP: 22/47 MP: 4/4
  2297 | D:3      | Found a basalt altar of Yredelemnul.
  2297 | D:3      | Found a broken altar of Ashenzari.
  2387 | D:3      | Noticed Natasha
  2390 | D:3      | Killed Natasha
  2391 | D:3      | Reached skill level 5 in Axes
  2404 | D:3      | Noticed Natasha
  2409 | D:3      | Killed Natasha
  2410 | D:3      | Reached XP level 6. HP: 49/55 MP: 5/5
  2592 | D:4      | Found a radiant altar of Vehumet.
  2769 | D:4      | Reached skill level 5 in Armour
  2769 | D:4      | Reached skill level 5 in Shields
  2776 | D:4      | Reached skill level 5 in Fighting
  2802 | D:4      | Found an ancient bone altar of Kikubaaqudgha.
  2808 | D:4      | Reached skill level 6 in Axes
  2814 | D:4      | Reached XP level 7. HP: 61/61 MP: 6/6
  3063 | D:4      | Found a sand-covered staircase.
  3747 | D:4      | Reached skill level 7 in Axes
  3854 | D:4      | Noticed Menkaure
  3898 | D:4      | Killed Menkaure
  3899 | D:4      | Reached XP level 8. HP: 13/70 MP: 7/7
  4111 | D:5      | Entered Level 5 of the Dungeon
  4119 | D:5      | Found Iqyesm's Magic Scroll Boutique.
  4127 | D:5      | Bought a scroll of identify for 24 gold pieces
  4131 | D:5      | Bought a scroll of enchant weapon for 90 gold pieces
  4131 | D:5      | Bought a scroll of blinking for 90 gold pieces
  4131 | D:5      | Bought a scroll of enchant weapon for 90 gold pieces
  4131 | D:5      | Bought a scroll of enchant weapon for 90 gold pieces
  4179 | D:5      | Reached skill level 8 in Axes
  4304 | D:5      | Found an opulent altar of Gozag.
  4385 | D:5      | Got Sif Muna's Papyrus of Enchantment
  4461 | D:5      | Found Arixooq's Magic Scroll Shop.
  4470 | D:5      | Found Ruivaont's Armour Shop.
  4529 | D:5      | Noticed a +0 dagger
  4530 | D:5      | Noticed a +0 short sword
  4531 | D:5      | Noticed a +0 falchion
  4531 | D:5      | Noticed a +0 spear
  4531 | D:5      | Noticed a +0 dagger
  4532 | D:5      | Noticed a +0 falchion
  4532 | D:5      | Noticed a +0 short sword
  4533 | D:5      | Noticed a +0 spear
  4534 | D:5      | Found a hide-covered altar of Uskayaw.
  4554 | D:5      | Became a worshipper of Uskayaw the Reveller
  4617 | D:5      | Found an ornate altar of the Wu Jian Council.
  4711 | D:5      | Noticed Ijyb
  4721 | D:5      | Paralysed by Ijyb for 2 turns
  4721 | D:5      | Reached * piety under Uskayaw
  4725 | D:5      | Killed Ijyb
  4734 | D:5      | Found a staircase to the Ecumenical Temple.
  4902 | D:5      | Found Itwupp's Distillery.
  4907 | D:5      | Bought a potion of heal wounds for 60 gold pieces
  4907 | D:5      | Bought 2 potions of curing for 72 gold pieces
  4975 | D:5      | Found a runed translucent gate.
  4976 | D:5      | Found a runed translucent gate.
  4977 | D:5      | Found a runed translucent gate.
  4979 | D:5      | Found an opulent altar of Gozag.
  4979 | D:5      | Noticed a two-headed ogre
  4980 | D:5      | Noticed MajorAdolf's ghost (novice NaWn)
  5109 | D:5      | Bought a scroll of identify for 30 gold pieces
  5109 | D:5      | Bought a scroll of identify for 30 gold pieces
  5109 | D:5      | Bought a scroll of identify for 30 gold pieces
  5109 | D:5      | Bought a scroll of enchant weapon for 112 gold pieces
  5304 | D:6      | Found a shimmering altar of Xom.
  5304 | D:6      | Found a shimmering altar of Xom.
  5311 | D:6      | Reached ** piety under Uskayaw
  5321 | D:6      | Reached skill level 9 in Axes
  5347 | D:6      | Noticed Prince Ribbit
  5384 | D:6      | Killed Prince Ribbit
  5385 | D:6      | Reached XP level 9. HP: 54/79 MP: 3/8
  5452 | D:6      | Reached skill level 1 in Invocations
  5511 | D:6      | Found a shimmering altar of Xom.
  5526 | D:6      | Found a shimmering altar of Xom.
  5566 | D:6      | Reached *** piety under Uskayaw
  5570 | D:6      | Reached **** piety under Uskayaw
  5576 | D:6      | Reached ***** piety under Uskayaw
  5659 | D:6      | Found Orijade's Book Shoppe.
  5774 | D:6      | Reached skill level 10 in Axes
  6089 | D:6      | Found a snail-covered altar of Cheibriados.
  6652 | D:7      | Reached skill level 11 in Axes
  7068 | D:7      | Reached skill level 12 in Axes
  7075 | D:7      | Found a bloodstained altar of Trog.
  7335 | D:7      | Found a burning altar of Makhleb.
  7416 | D:8      | Reached XP level 10. HP: 76/86 MP: 10/10
  7561 | D:8      | Found a staircase to the Lair.
  7793 | D:8      | Found Bedgheoje's Distillery.
  7819 | D:8      | Reached skill level 13 in Axes
  8276 | D:8      | You fall into a shaft and drop 3 floors!
  8295 | D:11     | Noticed a five-headed hydra
  8316 | D:11     | Killed a five-headed hydra
  8317 | D:11     | Reached skill level 14 in Axes
  8467 | D:10     | Entered Level 10 of the Dungeon
  8702 | D:9      | Noticed Harold
  8702 | D:9      | Noticed a two-headed ogre
  8720 | D:10     | Killed Harold
  8721 | D:10     | Reached skill level 15 in Axes
  8768 | D:9      | Killed a two-headed ogre
  8973 | D:8      | Found a sacrificial altar of Ru.
  9319 | Lair:1   | Entered Level 1 of the Lair of Beasts
  9328 | Lair:1   | Reached XP level 11. HP: 43/92 MP: 11/11
  9330 | Lair:1   | Reached skill level 16 in Axes
  9655 | Lair:1   | Noticed a six-headed hydra
  9666 | Lair:1   | Killed a six-headed hydra
 10441 | Lair:2   | Noticed an eight-headed hydra
 10449 | Lair:2   | HP: 2/95 [eight-headed hydra (10)]
 10449 | Lair:2   | Slain by an eight-headed hydra

Illustrated notes

Levels and vault maps discovered:
D:1:      tarquinn_simple_flora_water_b, layout_rooms,
          chequers_ecumenical_altar_island, minmay_misc_feat_tiny,
          chequers_serial_rivers_marsh, chequers_jeans
D:2:      layout_basic
D:3:      layout_rooms, gammafunk_temple_overflow_pools, grunt_ministairs_2,
          uniq_natasha
D:4:      minmay_polygon_palace, layout_basic,
          lemuel_mausoleum_altar_kikubaaqudgha, mainiacjoe_overflow_paths,
          nicolae_ossuary_entry_false_entrances,
          minmay_fractal_squares_diagonal_5, uniq_menkaure
D:5:      layout_loops_corners, nicolae_uskayaw_en_pointe,
          nicolae_wu_jian_glorious_leap, lemuel_doored_altar,
          minmay_temple_entry_grid, ebering_ghost_gozag, serial_shops, shop,
          shop, kennysheep_little_box, nicolae_inconvenience_store, uniq_ijyb
D:6:      layout_basic, xom_redecorated, cheibrodos_worm_habitat, serial_shops,
          nicolae_shop_stone, uniq_prince_ribbit1
D:7:      layout_rooms, lemuel_tele_altar, mainiacjoe_overflow_brackets
D:8:      minmay_skewed_foursquare, layout_basic, nicolae_ru_path_of_blood,
          serial_shops, nicolae_take_the_stairs
D:9:      layout_rooms, david_orc_4, uniq_harold
D:10:     layout_stronghold, fedhas_altar_1, chequers_avenue, uniq_urug
D:11:     layout_loops_cross, special_room [special_room_orc], serial_shops,
          shop, uniq_erica
Lair:1:   layout_loops_ring, lemuel_fruit_tree, grunt_megastairs_3
Lair:2:   mu_elephants_graveyard, layout_misc_corridors, dummy_spider_entry

Skill      XL: |  1  2  3  4  5  6  7  8  9 10 11 |
---------------+----------------------------------+-----
Axes           | 3 4 5 6 7 9 12 15 16 | 16.0
Shields        | 4 5 6 7 8 |  8.5
Fighting       | 4 5 6 7 8 |  8.4
Armour         | 4 5 6 7 8 |  8.1
Invocations    | 1 3 |  3.5

Action                   |  1- 3 |  4- 6 |  7- 9 | 10-12 || total
-------------------------+-------+-------+-------+-------++-------
Melee: War axe           |    69 |    80 |   296 |   146 ||   591
       Headbutt          |    11 |    21 |    58 |    46 ||   136
       Trident           |       |       |       |    12 ||    12
       Flail             |       |       |       |    10 ||    10
 Fire: Hunting sling     |       |    53 |   145 |    78 ||   276
       Hand crossbow     |       |       |    10 |       ||    10
Throw: Boomerang         |       |     5 |       |       ||     5
       Dart              |       |     4 |    11 |     1 ||    16
Invok: Stomp             |       |       |     6 |     8 ||    14
       Line Pass         |       |       |     4 |     3 ||     7
Evoke: Wand              |       |       |       |     1 ||     1
  Use: Scroll            |       |     3 |     8 |       ||    11
       Potion            |       |       |     1 |     6 ||     7
 Stab: Paralysed         |       |       |     4 |    13 ||    17
       Confused          |       |       |     2 |       ||     2
Armor: Scale mail        |    33 |    22 |   107 |    88 ||   250
Dodge: Dodged            |    19 |    38 |    82 |    61 ||   200
Block: Kite shield       |    31 |    47 |   179 |   117 ||   374
